[Event "Team 45 45 League T49"]
[Site "Internet Chess Club"]
[Date "2011.06.03"]
[Round "4"]
[White "BrerRabbit"]
[Black "Gilguli"]
[Result "1-0"]
[WhiteElo "1513"]
[BlackElo "1454"]
[Opening "English opening"]
[ECO "A10"]
[Time "10:47:58"]
[TimeControl "2700+45"]

1. c4 Nc6 2. g3 b6 3. Nc3 Bb7 4. Bg2 Nf6 5. e4 e5 6. Nge2 d6 7. O-O Qd7 8. d4
exd4 9. Nxd4 O-O-O 10. Bg5 Be7 11. Re1 h6 12. Be3 Ne5 13. b3 g5 14. Nf5 Kb8 15.
Qc2 Rh7 16. a4 Re8 17. a5 g4 18. axb6 cxb6 19. Nb5 Nc6 20. Red1 Rd8 21. c5 Nb4
22. Qc4 a5 23. Nbxd6 Ba6 24. Qc1 Ne8 25. Nxe8 Qxe8 26. Nxe7 Qxe7 27. Rxd8+ Qxd8
28. cxb6 Nd3 29. Qc7+ Qxc7 30. bxc7+ Kxc7 31. Rxa5 Bb7 32. Ra7 Kb8 33. Ra3 f6
34. Ra1 Rd7 35. Rb1 Re7 36. b4 Bxe4 37. Bxe4 Rxe4 38. b5 Rb4 39. Rxb4 Nxb4 40.
Kg2 h5 41. h3 f5 42. hxg4 fxg4 43. Kf1 Nd5 44. Ke2 Nc3+ 45. Kd3 Nxb5 46. Ke4
Nc3+ 47. Kf5 Nd1 48. Kg5 Nxe3 49. fxe3 h4 50. Kxh4 {Black resigns} 1-0

[Event "Team 45 45 League T49"]
[Site "Internet Chess Club"]
[Date "2011.06.07"]
[Round "4"]
[White "Oscar"]
[Black "heyLowHack"]
[Result "0-1"]
[WhiteElo "1553"]
[BlackElo "2116"]
[Opening "Scandinavian (center counter) defense"]
[ECO "B01"]
[Time "21:30:28"]
[TimeControl "2700+45"]

1. e4 d5 2. e5 d4 3. Bc4 Nc6 4. f4 Bf5 5. d3 e6 6. Nf3 Nge7 7. Nbd2 Bg4 8. O-O
Nf5 9. Ne4 Be7 10. h3 Bxf3 11. Qxf3 Na5 12. Bb3 Nxb3 13. axb3 Qd5 14. Bd2 a6 15.
Ra5 Qc6 16. Rc1 h5 17. Nf6+ gxf6 18. Qxc6+ bxc6 19. exf6 Bxf6 20. Re1 Kd7 21.
Rea1 Rag8 22. Rxf5 exf5 23. Be1 Rh6 24. Kh2 Rhg6 {White resigns} 0-1

[Event "Team 45 45 League T49"]
[Site "Internet Chess Club"]
[Date "2011.06.03"]
[Round "4"]
[White "Cicero"]
[Black "arconia"]
[Result "1-0"]
[WhiteElo "1367"]
[BlackElo "1245"]
[Opening "Sicilian defense"]
[ECO "B20"]
[Time "17:01:15"]
[TimeControl "2700+45"]

1. e4 c5 2. Na3 Nc6 3. Bb5 Nf6 4. c3 Nxe4 5. Bxc6 bxc6 6. Nc2 e5 7. d4 Qf6 8.
Nf3 cxd4 9. cxd4 exd4 10. O-O c5 11. Nd2 d5 12. Qe1 Bb7 13. f3 Qg6 14. fxe4 dxe4
15. Rf3 Bd6 16. Rg3 Bxg3 17. Qxg3 O-O 18. Qxg6 fxg6 19. Nb3 d3 20. Ne3 Rac8 21.
Nc4 Rcd8 22. Nxc5 Bd5 23. Ne3 h5 24. Nxd5 Rxd5 25. Nxe4 Rc5 26. Nxc5 {Black
resigns} 1-0

[Event "Team 45 45 League T49"]
[Site "Internet Chess Club"]
[Date "2011.06.04"]
[Round "4"]
[White "Kristian1974"]
[Black "matthewc"]
[Result "1-0"]
[WhiteElo "1540"]
[BlackElo "1347"]
[Opening "Levitsky attack (Queen's bishop attack)"]
[ECO "D00"]
[Time "15:30:27"]
[TimeControl "2700+45"]

1. d4 d5 2. Bg5 Nf6 3. Bxf6 gxf6 4. c4 c6 5. Qc2 e6 6. a3 b6 7. Nf3 Bb7 8. e3
Nd7 9. Bd3 h6 10. O-O Bd6 11. cxd5 exd5 12. e4 dxe4 13. Bxe4 Qc7 14. Re1 O-O-O
15. b4 Kb8 16. Nbd2 c5 17. Bxb7 Qxb7 18. bxc5 Nxc5 19. dxc5 Bxc5 20. Ne4 Rc8 21.
Qb2 Rhe8 22. Nxc5 Rxe1+ 23. Rxe1 bxc5 24. Qxb7+ Kxb7 25. Re7+ Rc7 26. Rxc7+ Kxc7
27. Kf1 Kb6 28. Ke2 Ka5 29. Nd2 Ka4 30. Nc4 Kb3 31. Kd3 h5 32. f4 f5 33. Nd2+
Kxa3 34. Kc4 Kb2 35. Kxc5 Kc3 36. Nf3 Kd3 37. Kd5 Ke3 38. Ke5 a5 39. Nd4 Kf2 40.
Kxf5 Kxg2 41. h4 Kg3 42. Kg5 f6+ 43. Kxh5 Kxf4 44. Kg6 Ke5 45. Nc6+ Ke6 46. Nxa5
f5 47. Nc4 f4 48. Nd2 Ke5 49. h5 Kd4 50. Kf5 Ke3 51. h6 Kxd2 52. Kxf4 Kd3 53. h7
{Black resigns} 1-0

[Event "Team 45 45 League T49"]
[Site "Internet Chess Club"]
[Date "2011.06.03"]
[Round "4"]
[White "PsyMar"]
[Black "oldprez"]
[Result "0-1"]
[WhiteElo "1377"]
[BlackElo "1359"]
[Opening "Polish (Sokolsky) opening"]
[ECO "A00"]
[Time "14:00:36"]
[TimeControl "2700+45"]

1. b4 Nf6 2. Bb2 g6 3. e4 d6 4. Nf3 Bg7 5. d3 O-O 6. Nbd2 a6 7. c4 Nbd7 8. d4 c5
9. bxc5 dxc5 10. Bd3 cxd4 11. Bxd4 Ne5 12. O-O Nxd3 13. e5 Ng4 {White resigns}
0-1

[Event "Team 45 45 League T49"]
[Site "Internet Chess Club"]
[Date "2011.06.06"]
[Round "4"]
[White "doublepar"]
[Black "JimGaming"]
[Result "0-1"]
[WhiteElo "1384"]
[BlackElo "1258"]
[Opening "Sicilian: Hungarian variation"]
[ECO "B27"]
[Time "20:00:20"]
[TimeControl "2700+45"]

1. e4 c5 2. Nf3 g6 3. d4 cxd4 4. Qxd4 Nf6 5. Be3 Bg7 6. Nc3 a6 7. Bc4 O-O 8. Qd2
d6 9. O-O-O Bg4 10. h3 Be6 11. Bxe6 fxe6 12. Ng5 Qc8 13. g4 h6 14. Nf3 Kh7 15.
g5 Ne8 16. gxh6 Bxc3 17. Ng5+ Kh8 18. Bd4+ Bxd4 19. Qxd4+ e5 20. Qd5 Nf6 21. Qd2
Nc6 22. Nf3 Nxe4 23. Qe3 Qf5 24. Nh4 Qg5 25. Qxg5 Nxg5 26. Nxg6+ Kh7 27. Nxf8+
Rxf8 28. h4 Ne4 29. Rdf1 Nd4 30. c3 Ne2+ 31. Kd1 Nf4 32. Rh2 Nd3 33. f3 Ng3 34.
Rg1 Rxf3 35. Rhg2 Nf5 36. Kd2 Nxb2 37. Ke2 Re3+ 38. Kf1 Nd3 39. Re2 Rf3+ 40. Kg2
Nxh4+ 41. Kh2 Nf4 42. Rg4 Rh3+ 43. Kg1 Nxe2+ 44. Kf2 Rh2+ 45. Ke3 Nf5+ 46. Ke4
Nxh6 47. Rg5 Rh4+ 48. Kd3 Nf4+ 49. Ke3 Ne6 50. Rg1 Nf5+ 51. Kd3 Nc5+ 52. Ke2
Rh2+ 53. Kf3 Rxa2 54. Rh1+ Kg7 55. Kg4 Kf6 56. Rh5 Rg2+ 57. Kf3 Rg3+ 58. Kf2
Ne4+ 59. Kf1 Rxc3 {White resigns} 0-1

[Event "Team 45 45 League T49"]
[Site "Internet Chess Club"]
[Date "2011.06.06"]
[Round "4"]
[White "Lyko"]
[Black "Just-Jim"]
[Result "0-1"]
[WhiteElo "1346"]
[BlackElo "1386"]
[Opening "Queen's gambit accepted"]
[ECO "D20"]
[Time "18:00:13"]
[TimeControl "2700+45"]

1. d4 d5 2. c4 dxc4 3. Qa4+ c6 4. Qxc4 Qa5+ 5. Bd2 Qd5 6. Qxd5 cxd5 7. Nc3 e6 8.
e3 a6 9. Nf3 Nc6 10. a3 Bd6 11. Bd3 Nf6 12. O-O h6 13. Rac1 Bd7 14. Rfe1 Na5 15.
Rc2 Nb3 16. e4 Nxd2 17. Nxd2 dxe4 18. Ndxe4 Nxe4 19. Bxe4 Rb8 20. d5 O-O 21.
dxe6 Bxe6 22. Rd2 Bf4 23. Rde2 Bc4 24. Rc2 Rfe8 25. g3 Bd6 26. Rd1 Bb3 27. Rxd6
Bxc2 28. Bxc2 Re1+ 29. Kg2 Rc1 30. Be4 Re8 31. Bxb7 Rc2 32. Rb6 a5 33. Bd5 Re5
34. Be4 g6 35. Rb7 Rxc3 36. bxc3 Rxe4 37. Ra7 Ra4 38. c4 Rxa3 39. c5 Kf8 40. c6
Rc3 41. c7 Ke8 42. Rxa5 Rxc7 43. Ra8+ Ke7 44. Rh8 h5 45. h4 Rc4 46. Ra8 Ke6 47.
Kh3 Rc2 48. Kg2 f5 49. Kf3 Rc3+ 50. Ke2 Rc4 51. f3 f4 52. g4 Rc2+ 53. Kd3 Rh2
54. Ke4 Rxh4 55. Kxf4 hxg4 56. fxg4 Rh1 57. Kg5 Rg1 58. Ra6+ Kf7 59. Ra7+ Ke6
60. Rg7 Rb1 61. Rxg6+ Kf7 62. Ra6 Kg7 63. Ra7+ Kg8 64. Ra5 Kg7 65. Rf5 Kg8 66.
Kg6 Rb6+ 67. Rf6 Rb7 68. g5 Rg7+ 69. Kf5 Rf7 70. Ke6 Ra7 71. g6 Kg7 72. Kf5 Ra5+
73. Ke6 Ra6+ {White resigns} 0-1

[Event "Team 45 45 League T49"]
[Site "Internet Chess Club"]
[Date "2011.06.06"]
[Round "4"]
[White "dabodhi"]
[Black "PsyMar"]
[Result "1-0"]
[WhiteElo "1224"]
[BlackElo "1354"]
[Opening "King's Indian: London system"]
[ECO "A48"]
[Time "20:01:13"]
[TimeControl "2700+45"]

1. d4 Nf6 2. Nf3 g6 3. Bf4 Bg7 4. e3 O-O 5. Be2 c5 6. c3 cxd4 7. exd4 d5 8. Nbd2
Nbd7 9. O-O Nh5 10. Be3 e5 11. dxe5 Nxe5 12. Nxe5 Bxe5 13. Nf3 Bc7 14. Bh6 Re8
15. Re1 Qd6 16. g3 Ng7 17. Qd4 f6 18. Bd3 Bg4 19. Bf4 Qc6 20. Re3 Rxe3 21. Qxe3
Bb6 22. Nd4 Re8 {Black resigns} 1-0

[Event "Team 45 45 League T49"]
[Site "Internet Chess Club"]
[Date "2011.06.05"]
[Round "4"]
[White "JimGaming"]
[Black "chiyeunglau"]
[Result "1-0"]
[WhiteElo "1235"]
[BlackElo "1086"]
[Opening "Scotch opening"]
[ECO "C44"]
[Time "14:21:37"]
[TimeControl "2700+45"]

1. e4 Nc6 2. Nf3 e5 3. d4 d6 4. Bc4 Bg4 5. h3 Bxf3 6. Qxf3 Nf6 7. Bg5 Be7 8. Bb5
exd4 9. Nd2 O-O 10. Bxc6 bxc6 11. O-O-O Rb8 12. Nb3 c5 13. Na5 Rb6 14. b3 Ra6
15. Bd2 c6 16. Kb2 d5 17. exd5 cxd5 18. c4 Rxa5 19. Bxa5 Qxa5 20. Qd3 Ne4 21.
Rhf1 Nc3 22. Rde1 Qxa2+ 23. Kc1 Qxb3 24. Rxe7 dxc4 25. Qc2 Qa3+ 26. Kd2 Qa5 27.
Rc1 Na2+ 28. Kd1 Nc3+ 29. Kd2 Na2+ 30. Kd1 d3 31. Qxc4 d2 32. Rc2 Nb4 33. Rxd2
Qa1+ 34. Ke2 a5 35. Rxf7 Qe5+ 36. Kd1 Qh5+ 37. Rf3+ Nd5 38. Rxd5 Kh8 39. Rxh5
{Black resigns} 1-0

[Event "Team 45 45 League T49"]
[Site "Internet Chess Club"]
[Date "2011.06.05"]
[Round "4"]
[White "theartist"]
[Black "sere"]
[Result "1-0"]
[WhiteElo "1187"]
[BlackElo "1208"]
[Opening "QGD"]
[ECO "D30"]
[Time "12:42:56"]
[TimeControl "2700+45"]

1. d4 d5 2. c4 e6 3. Nf3 Nf6 4. Bg5 Nc6 5. Nc3 Bd6 6. cxd5 exd5 7. e3 Be6 8. Bd3
O-O 9. O-O h6 10. Bxf6 Qxf6 11. Nb5 Nb4 12. Nxd6 Nxd3 13. Qxd3 cxd6 14. h3 Rac8
15. Rfc1 Bf5 16. Qb3 Qg6 17. Nh4 Qg5 18. Nxf5 Qxf5 19. Rc3 Rc6 20. Qxb7 Rb6 21.
Qxa7 Rxb2 22. Rb3 Qc2 23. Rxb2 Qxb2 24. Rf1 Rc8 25. Qa5 Rc2 26. Qxd5 Rd2 27. a4
Qb4 28. Qb5 Rb2 29. Qxb4 Rxb4 30. Ra1 Rb8 31. a5 Ra8 32. a6 Kf8 33. e4 Ke7 34.
a7 Ke6 35. f4 d5 36. Ra6+ Ke7 37. exd5 Kd7 38. f5 g6 39. fxg6 fxg6 40. Rxg6 Rxa7
41. Rg7+ {Black resigns} 1-0

[Event "Team 45 45 League T49"]
[Site "Internet Chess Club"]
[Date "2011.06.05"]
[Round "4"]
[White "hi12980"]
[Black "doublepar"]
[Result "1-0"]
[WhiteElo "1426"]
[BlackElo "1420"]
[Opening "Caro-Kann: advance variation"]
[ECO "B12"]
[Time "16:00:24"]
[TimeControl "2700+45"]

1. e4 c6 2. d4 d5 3. e5 Bf5 4. Nf3 e6 5. Bd3 Ne7 6. c4 dxc4 7. Bxc4 b5 8. Bd3
Nd7 9. Bg5 Qb6 10. Bxe7 Bxe7 11. Bxf5 exf5 12. Qe2 Rd8 13. e6 fxe6 14. Qxe6 Rf8
15. Ng5 Qxd4 16. Nc3 Rf6 17. Qg8+ Nf8 18. O-O Qh4 19. f4 Bc5+ 20. Kh1 Kd7 21.
Rad1+ Kc7 22. Qxg7+ Nd7 23. Rxd7+ Rxd7 24. Qxf6 Rd6 25. Ne6+ Kb6 26. Qxh4 Rxe6
27. Qxh7 Re7 28. Qxf5 a6 29. Qf6 Re8 30. Qf7 Re7 31. Qg6 Rd7 32. g4 {Black
resigns} 1-0

[Event "Team 45 45 League T49"]
[Site "Internet Chess Club"]
[Date "2011.06.02"]
[Round "4"]
[White "jjaillet2007"]
[Black "kingsleywang"]
[Result "1-0"]
[WhiteElo "1334"]
[BlackElo "1371"]
[Opening "QGA: 3.e4"]
[ECO "D20"]
[Time "20:30:34"]
[TimeControl "2700+45"]

1. d4 d5 2. c4 dxc4 3. e4 Nc6 4. d5 Ne5 5. Bf4 Ng6 6. Bg3 e6 7. Bxc4 Bb4+ 8. Nc3
exd5 9. Bxd5 Nf6 10. Qa4+ c6 11. Bxc6+ bxc6 12. Qxb4 Be6 13. Qd6 Qa5 14. Qxc6+
Ke7 15. Bd6+ Kd8 16. Qxa8+ Bc8 17. Rd1 Qa6 18. Be5+ Ke7 19. Bxf6+ Kxf6 20. Qd5
Nf4 21. Qd6+ Qxd6 22. Rxd6+ Ke5 23. Rd1 Nxg2+ 24. Kf1 Nf4 25. Nf3+ Kf6 26. Nd5+
Nxd5 27. Rxd5 Bh3+ 28. Ke2 Rc8 29. Rg1 h6 30. a3 Rc2+ 31. Rd2 Rc4 32. Rd4 Rc2+
33. Rd2 Rc4 34. Kd3 Rc6 35. b4 Rd6+ 36. Ke3 Rc6 37. e5+ Ke7 38. Rxg7 Rc3+ 39.
Rd3 Rc6 40. Rd6 Rc3+ 41. Rd3 Rc6 42. Nd4 Rc7 {Black resigns} 1-0

[Event "Team 45 45 League T49"]
[Site "Internet Chess Club"]
[Date "2011.06.04"]
[Round "4"]
[White "Deadly-Spike"]
[Black "joaoazm"]
[Result "1-0"]
[WhiteElo "1347"]
[BlackElo "1161"]
[Opening "Ruy Lopez: closed, 8.c3"]
[ECO "C89"]
[Time "20:00:27"]
[TimeControl "2700+45"]

1. e4 e5 2. Nf3 Nc6 3. Bb5 a6 4. Ba4 b5 5. Bb3 Nf6 6. O-O Be7 7. Re1 O-O 8. c3
h6 9. d4 d6 10. a4 b4 11. d5 Na5 12. cxb4 Nxb3 13. Qxb3 Nh7 14. Nbd2 Ng5 15.
Nxg5 Bxg5 16. Nf3 Bxc1 17. Raxc1 Ra7 18. Rc4 Qf6 19. Qc3 Qg6 20. Rxc7 Bh3 21. g3
Rxc7 22. Qxc7 Qxe4 {Black resigns} 1-0

[Event "Team 45 45 League T49"]
[Site "Internet Chess Club"]
[Date "2011.06.04"]
[Round "4"]
[White "Mclintock45"]
[Black "XGG123"]
[Result "0-1"]
[WhiteElo "901"]
[BlackElo "883"]
[Opening "King's pawn game"]
[ECO "C44"]
[Time "12:03:39"]
[TimeControl "2700+45"]

1. e4 e5 2. Nf3 Nc6 3. h3 Bb4 4. a3 Ba5 5. Bc4 Nf6 6. O-O O-O 7. b4 Bb6 8. Nc3
d6 9. Nd5 Be6 10. Nxf6+ gxf6 11. Bd3 Nd4 12. Nxd4 Bxd4 13. c3 Bb6 14. Bb1 f5 15.
Ba2 fxe4 16. Bxe6 fxe6 17. Qg4+ Kh8 18. Bb2 Rg8 19. Qh5 Rf8 20. d4 exd4 21. cxd4
Rf5 22. Qg4 Qd7 23. d5+ e5 24. Qxe4 Bxf2+ 25. Rxf2 Rxf2 26. Kxf2 Qf7+ 27. Kg1
Rf8 28. Qe1 Rg8 29. Qe2 Qxd5 30. Rd1 Qc6 31. Bc1 Qb6+ 32. Kf1 Rf8+ 33. Ke1 Qg1+
34. Kd2 Qd4+ 35. Ke1 Qc3+ 36. Bd2 Qg3+ 37. Qf2 Qxf2# {White checkmated} 0-1

[Event "Team 45 45 League T49"]
[Site "Internet Chess Club"]
[Date "2011.06.06"]
[Round "4"]
[White "baseball613"]
[Black "Cicero"]
[Result "0-1"]
[WhiteElo "1352"]
[BlackElo "1383"]
[Opening "King's Indian: London system"]
[ECO "A48"]
[Time "12:41:22"]
[TimeControl "2700+45"]

1. d4 Nf6 2. Nf3 g6 3. Bf4 Bg7 4. e3 d6 5. h3 O-O 6. Be2 c5 7. c3 d5 8. Nbd2 c4
9. O-O e6 10. Ne5 Qb6 11. Qc2 Nbd7 12. Ndf3 Ne4 13. Nxd7 Bxd7 14. Ne5 Rad8 15.
Nxd7 Rxd7 16. Rfb1 f6 17. Bf3 e5 18. Bh2 f5 19. Bxe4 fxe4 20. b3 Qd8 21. bxc4
Rdf7 22. Rb5 Rxf2 23. Qxf2 Rxf2 24. Kxf2 dxc4 25. Bxe5 a6 26. Bxg7 axb5 27. Be5
Qa5 28. d5 b4 29. cxb4 Qxd5 30. Bd4 b5 31. Ke2 c3 32. a3 Qc4+ 33. Kf2 Qb3 34.
Kg3 c2 35. Rc1 Qb1 36. Rxb1 cxb1=Q 37. Kf4 Qb3 38. Kxe4 Qxa3 39. Bc5 Qb2 40. Kf3
Qf6+ 41. Ke2 Qe5 42. Kf2 h5 43. Kg1 h4 44. Kh1 g5 45. Kg1 g4 46. hxg4 Qg3 47. g5
h3 48. Kh1 Qxg2# {White checkmated} 0-1

[Event "Team 45 45 League T49"]
[Site "Internet Chess Club"]
[Date "2011.06.03"]
[Round "4"]
[White "IanT"]
[Black "joshq03"]
[Result "0-1"]
[WhiteElo "1337"]
[BlackElo "1330"]
[Opening "Giuoco Pianissimo"]
[ECO "C50"]
[Time "21:32:28"]
[TimeControl "2700+45"]

1. e4 e5 2. Nf3 Nc6 3. Bc4 Bc5 4. d3 Nf6 5. Bg5 d6 6. O-O Be6 7. Bb3 Qe7 8. Nc3
h6 9. Bh4 g5 10. Bg3 O-O-O 11. Bxe6+ Qxe6 12. h3 g4 13. hxg4 Nxg4 14. Nh2 Nxh2
15. Bxh2 Rhg8 16. Qf3 Nd4 17. Qh5 Rg5 18. Qd1 Qh3 19. Bg3 Rxg3 20. fxg3 Nf3#
{White checkmated} 0-1

[Event "Team 45 45 League T49"]
[Site "Internet Chess Club"]
[Date "2011.06.08"]
[Round "4"]
[White "wildcat2023"]
[Black "chips"]
[Result "0-1"]
[WhiteElo "1359"]
[BlackElo "1220"]
[Opening "Alekhine's defense"]
[ECO "B02"]
[Time "14:15:57"]
[TimeControl "2700+45"]

1. e4 Nf6 2. e5 Nd5 3. Bc4 Nb6 4. Bb3 d5 5. exd6 Qxd6 6. Nc3 Be6 7. Qf3 c6 8.
Ne4 Qe5 9. d3 Bxb3 10. axb3 Qe6 11. Be3 Nd5 12. Nc5 Qc8 13. Bd4 Nd7 14. Nxd7
Qxd7 15. Qg3 f6 16. Rxa7 Rxa7 17. Qb8+ Kf7 18. Qxa7 Qe6+ 19. Be3 Nxe3 20. Qxe3
Qxe3+ 21. fxe3 e5 22. Nf3 Bb4+ 23. c3 Bc5 24. Ke2 Ra8 25. b4 Bb6 26. Nd2 Ra2 27.
Nc4 Bc7 28. e4 b5 29. Na5 Rxb2+ 30. Kf3 Bxa5 31. bxa5 Ra2 32. c4 Rxa5 33. Rc1 b4
34. Ke2 c5 35. Kd2 Ra2+ 36. Kd1 Rxg2 37. h4 Rg1+ 38. Kd2 Rxc1 39. Kxc1 Ke6 40.
Kd2 f5 41. Ke3 f4+ 42. Kf3 b3 43. Ke2 b2 44. Kd2 b1=Q 45. Kc3 Qh1 46. h5 Qxh5
47. d4 cxd4+ 48. Kb4 Qd1 49. c5 Qc1 50. Kb5 d3 51. c6 d2 52. Kb6 d1=Q 53. c7
Qxc7+ 54. Kxc7 Qe1 55. Kc6 Qxe4+ 56. Kc5 f3 57. Kb5 f2 58. Kc5 f1=Q 59. Kb6 Qc1
60. Ka7 Qeb1 61. Ka6 Qa3# {White checkmated} 0-1

[Event "Team 45 45 League T49"]
[Site "Internet Chess Club"]
[Date "2011.06.02"]
[Round "4"]
[White "bhandelman"]
[Black "iceface"]
[Result "0-1"]
[WhiteElo "1132"]
[BlackElo "1274"]
[Opening "Giuoco Piano"]
[ECO "C50"]
[Time "09:07:35"]
[TimeControl "2700+45"]

1. e4 e5 2. Nf3 Nc6 3. Bc4 Bc5 4. O-O Nf6 5. d3 d6 6. Nc3 Be6 7. Bxe6 fxe6 8.
Bg5 O-O 9. Qd2 h6 10. Bh4 Qe8 11. Nb5 Bb6 12. c4 a6 13. Nc3 Qg6 14. a3 Nh5 15.
b4 Rxf3 16. Qe2 Rf7 17. Qd1 Rf4 18. Ne2 Rxh4 19. g3 Rg4 20. h3 Rg5 21. Kh2 Qe8
22. f4 exf4 23. gxf4 Rg6 24. f5 exf5 25. exf5 Rf6 26. Ng1 Rf8 27. Qb3 Nd4 28.
Qb2 Qe5+ 29. Kg2 Nf4+ 30. Kh2 Nxd3+ {White resigns} 0-1

[Event "Team 45 45 League T49"]
[Site "Internet Chess Club"]
[Date "2011.06.04"]
[Round "4"]
[White "mitus"]
[Black "Razorbackchess"]
[Result "0-1"]
[WhiteElo "1800"]
[BlackElo "1834"]
[Opening "Sicilian: Taimanov (Bastrikov) variation"]
[ECO "B47"]
[Time "17:05:31"]
[TimeControl "2700+45"]

1. e4 c5 2. Nf3 e6 3. d4 cxd4 4. Nxd4 Nc6 5. Nc3 Qc7 6. Nxc6 bxc6 7. Be3 Nf6 8.
Be2 Be7 9. O-O O-O 10. Qd4 e5 11. Qd2 d6 12. f4 Bb7 13. fxe5 dxe5 14. Qe1 Bb4
15. Qg3 Bxc3 16. Bh6 Bd4+ 17. Kh1 Ne8 18. Rf6 g6 19. Qg5 Be3 20. Rxg6+ fxg6 21.
Qxe3 Ng7 22. Rd1 Qf7 23. Qc5 Bc8 24. Bxg7 Kxg7 25. Qxe5+ Qf6 26. Qc5 Be6 27. e5
Qf2 28. Qe7+ Rf7 29. Qxe6 Qxe2 30. Rg1 Raf8 31. Qxc6 Rf1 32. h3 Rxg1+ {White
resigns} 0-1

[Event "Team 45 45 League T49"]
[Site "Internet Chess Club"]
[Date "2011.06.07"]
[Round "4"]
[White "parrot9"]
[Black "clarinetref"]
[Result "0-1"]
[WhiteElo "1573"]
[BlackElo "1627"]
[Opening "Sicilian: Najdorf"]
[ECO "B90"]
[Time "10:06:38"]
[TimeControl "2700+45"]

1. e4 c5 2. Nf3 d6 3. d4 cxd4 4. Nxd4 Nf6 5. Nc3 a6 6. f3 e6 7. Be3 Be7 8. Qd2
Qc7 9. O-O-O O-O 10. g4 Nc6 11. g5 Nd7 12. h4 Nde5 13. h5 Nxd4 14. Qxd4 Nxf3 15.
Qd3 Nxg5 16. h6 g6 17. Be2 e5 18. Nd5 Qd8 19. Qd2 Nxe4 20. Nxe7+ Qxe7 21. Qd5
Ng3 22. Qg2 Nxh1 23. Bg5 Qe6 24. Qf3 Qf5 25. Qg2 Qf2 26. Qd5 Qxe2 27. Qxd6 Be6
{White resigns} 0-1

[Event "Team 45 45 League T49"]
[Site "Internet Chess Club"]
[Date "2011.06.06"]
[Round "4"]
[White "PostMike"]
[Black "Invicta-Knight"]
[Result "0-1"]
[WhiteElo "1474"]
[BlackElo "1466"]
[Opening "Scandinavian: Pytel-Wade variation"]
[ECO "B01"]
[Time "14:44:51"]
[TimeControl "2700+45"]

1. e4 d5 2. exd5 Qxd5 3. Nc3 Qd6 4. d4 g6 5. Be2 Nh6 6. Ne4 Qd5 7. Bf3 Qd8 8. g4
Nc6 9. c3 f5 10. gxf5 Nxf5 11. Bf4 Nh4 12. Qd2 Nxf3+ 13. Nxf3 Bg4 14. Ne5 Nxe5
15. Bxe5 Qd5 16. Ng3 Rg8 17. Qf4 Qe6 18. Kd2 g5 19. Qe3 O-O-O 20. Rae1 Bh6 21.
f3 Bxf3 22. Qxf3 g4+ 23. Bf4 gxf3 24. Rxe6 Bxf4+ 25. Kd3 Bxg3 26. hxg3 Rxg3 27.
Rxe7 f2+ 28. Ke2 Rg1 29. Rexh7 f1=Q+ {White resigns} 0-1

[Event "Team 45 45 League T49"]
[Site "Internet Chess Club"]
[Date "2011.06.04"]
[Round "4"]
[White "ElmerHo"]
[Black "tryanything"]
[Result "1/2-1/2"]
[WhiteElo "1579"]
[BlackElo "1586"]
[Opening "Ruy Lopez: Schliemann defense"]
[ECO "C63"]
[Time "17:38:38"]
[TimeControl "2700+45"]

1. e4 e5 2. Nf3 Nc6 3. Bb5 f5 4. exf5 e4 5. Ng1 Nf6 6. d3 d5 7. dxe4 dxe4 8.
Qxd8+ Kxd8 9. Nc3 Nd4 10. Ba4 Bxf5 11. Nge2 Nxe2 12. Kxe2 Bd6 13. Rd1 Bg4+ 14.
f3 exf3+ 15. gxf3 Be6 16. Bf4 Ke7 17. Bxd6+ cxd6 18. Bb3 a6 19. Bxe6 Kxe6 20.
Rd3 Rhe8 21. Re3+ Kf5 22. Rd1 Rxe3+ 23. Kxe3 Re8+ 24. Kf2 Re6 25. a4 Kg5 26.
Rg1+ Kh6 27. Rd1 g5 28. b4 Kh5 29. Nd5 Nxd5 30. Rxd5 Kg6 31. c4 Kf6 32. c5 dxc5
33. Rxc5 h6 34. Kg3 Rb6 35. b5 axb5 36. axb5 Ke6 37. Kg4 Kf6 38. h4 gxh4 39.
Kxh4 Kg6 40. f4 Rf6 41. Kg4 b6 42. Rc6 Kf7 43. Rc7+ Kg8 {Game drawn by mutual
agreement} 1/2-1/2

[Event "Team 45 45 League T49"]
[Site "Internet Chess Club"]
[Date "2011.06.03"]
[Round "4"]
[White "vaknight"]
[Black "Tamarin"]
[Result "0-1"]
[WhiteElo "1744"]
[BlackElo "1792"]
[Opening "Bird's opening"]
[ECO "A03"]
[Time "20:30:36"]
[TimeControl "2700+45"]

1. f4 d5 2. b3 Nf6 3. Bb2 g6 4. e3 Bg7 5. Nf3 O-O 6. Bd3 c5 7. O-O Nc6 8. Ne5
Qc7 9. Qf3 Ng4 10. Qxd5 Ngxe5 11. fxe5 Nxe5 12. Nc3 Rd8 13. Qe4 Bf5 14. Rxf5
gxf5 15. Qxf5 Nxd3 16. cxd3 Qd6 17. Rf1 Qg6 18. Qxc5 Rxd3 19. Nd5 Rxd5 20. Qxd5
Bxb2 21. Qxb7 Rd8 22. d4 Qe6 23. Rf3 Rxd4 24. Rg3+ Rg4 25. Qb8+ Kg7 26. Rxg4+
Qxg4 27. Qxa7 Qd1+ 28. Kf2 Bc3 29. Kg3 Be1+ 30. Kf4 Qd6+ 31. Ke4 Qxh2 32. Qd4+
f6 33. Kf3 Qh5+ 34. g4 Qh2 35. Ke4 {White resigns} 0-1

[Event "Team 45 45 League T49"]
[Site "Internet Chess Club"]
[Date "2011.06.03"]
[Round "4"]
[White "MateIn42"]
[Black "oldprez"]
[Result "0-1"]
[WhiteElo "1413"]
[BlackElo "1378"]
[Opening "Pirc: classical (two knights) system"]
[ECO "B08"]
[Time "20:08:14"]
[TimeControl "2700+45"]

1. e4 d6 2. d4 Nf6 3. Nc3 g6 4. Nf3 Bg7 5. Bf4 O-O 6. e5 dxe5 7. dxe5 Qxd1+ 8.
Rxd1 Nh5 9. Be3 a6 10. g4 Bxg4 11. Bg2 Nc6 12. h3 Bxf3 13. Bxf3 Nxe5 14. Bxh5
gxh5 15. Rg1 Nf3+ 16. Ke2 Nxg1+ 17. Rxg1 Kh8 18. Nd5 Rac8 19. c3 c6 20. Nxe7
Rce8 21. Nf5 Rg8 22. Nd6 Re7 23. Nf5 Re6 24. Rd1 Bf8 25. Kf3 Bg7 26. Rd6 Rxd6
27. Nxd6 Rf8 28. Bc5 b6 29. Bxb6 Rb8 30. Nc4 Bh6 31. Bd4+ Kg8 32. b3 Rb5 33. Nd6
Rd5 34. Ne4 Bg7 35. Be3 f5 36. Ng3 Bxc3 37. Ne2 Be5 38. Bh6 Rd3+ 39. Kg2 f4 40.
Bxf4 Bxf4 41. Nxf4 Rd2 42. a3 Ra2 43. a4 Ra3 44. Nxh5 Rxb3 45. Nf6+ Kg7 46. Nd7
Rb4 47. Nc5 a5 48. f4 Rc4 49. Ne6+ Kf6 50. Nd8 Kf5 51. Kf3 Rc3+ 52. Kg2 Kxf4 53.
Ne6+ Kf5 54. Nd4+ Kg6 55. Nf3 c5 56. Ne5+ Kf5 57. Nc6 Ra3 58. Nxa5 Rxa4 59. Nc6
c4 60. Nd4+ Kg6 61. Kf3 Ra3+ 62. Kg2 c3 63. Nb5 Ra2+ 64. Kf1 c2 {White resigns}
0-1

[Event "Team 45 45 League T49"]
[Site "Internet Chess Club"]
[Date "2011.06.03"]
[Round "4"]
[White "The-Capitalist"]
[Black "guyd52"]
[Result "1-0"]
[WhiteElo "1360"]
[BlackElo "1205"]
[Opening "Alekhine's defense"]
[ECO "B02"]
[Time "20:00:08"]
[TimeControl "2700+45"]

1. e4 Nf6 2. e5 Ng4 3. Qxg4 d6 4. Qe2 dxe5 5. Qxe5 Nd7 6. Qc3 Nf6 7. Nf3 g6 8.
Bc4 Bg7 9. Ng5 e6 10. O-O O-O 11. d3 Qd6 12. Qb3 a6 13. Ne4 Qe5 14. Qc3 Qf5 15.
Ng3 Qg4 16. h3 Qh4 17. Nd2 Ng4 18. Nf3 Qxg3 19. fxg3 Bxc3 20. bxc3 Nf6 21. Ba3
Re8 22. Nd2 b5 23. Rxf6 bxc4 24. Nxc4 Kg7 25. Raf1 e5 26. Rxf7+ Kg8 27. Rf8+
Rxf8 28. Rxf8+ Kg7 29. Re8 Rb8 30. Nxe5 Rb1+ 31. Kh2 Bb7 32. Bf8+ Kf6 33. d4 Rb2
34. Nd7+ Kf7 35. Re7+ Kg8 36. Rg7+ Kh8 37. Nf6 Rxc2 38. Rxh7# {Black checkmated}
1-0

[Event "Team 45 45 League T49"]
[Site "Internet Chess Club"]
[Date "2011.06.03"]
[Round "4"]
[White "wekabird"]
[Black "kingsrook"]
[Result "1-0"]
[WhiteElo "1232"]
[BlackElo "1291"]
[Opening "English opening"]
[ECO "A22"]
[Time "19:00:29"]
[TimeControl "2700+45"]

1. c4 e5 2. Nc3 Nf6 3. e4 Bc5 4. h3 d6 5. Nf3 O-O 6. g3 Nc6 7. d3 Nd4 8. Nxd4
Bxd4 9. Ne2 Bb6 10. Bg2 Be6 11. b3 Qd7 12. Bd2 c6 13. Rb1 d5 14. cxd5 cxd5 15.
Bg5 Ba5+ 16. b4 Bd8 17. Bxf6 Bxf6 18. f4 d4 19. f5 Bxa2 20. Ra1 Qb5 21. Rxa2
Qxb4+ 22. Rd2 Bg5 23. h4 Bxd2+ 24. Qxd2 Qxd2+ 25. Kxd2 Rfc8 26. g4 b5 27. Rb1
Rab8 28. g5 a5 29. g6 hxg6 30. fxg6 f6 31. Bh3 Rc5 32. Be6+ Kf8 33. Nc1 a4 34.
Na2 Ke7 35. Bd5 Rh8 36. Rh1 Kd6 37. Nb4 Kc7 38. Na6+ Kb6 39. Nxc5 Kxc5 40. h5 b4
41. Rc1+ Kb6 42. Rc6+ Kb5 43. Rc7 b3 44. Rxg7 Rxh5 45. Rb7+ Ka5 46. g7 Rh2+ 47.
Kc1 Rg2 48. g8=Q Rxg8 49. Bxg8 Ka6 50. Rb8 Ka5 51. Kb2 f5 52. exf5 e4 53. dxe4
d3 54. Rd8 Kb4 55. Rxd3 a3+ 56. Kb1 {Black resigns} 1-0